 Dungeon Crawl Stone Soup version 0.30-a0-634-g8abc85282e (webtiles) character file.

Game seed: 336967125737456097

46762 Leeroy the Carver (level 14, -4/81 (84) HPs)
             Began as a Tengu Warper on Jan 14, 2023.
             Was a Follower of Uskayaw.
             Slain by a hellwing (7 damage)
             ... summoned by an orc sorcerer
             ... while paralysed by an orc sorcerer
             ... on level 2 of the Orcish Mines.
             The game lasted 00:49:02 (27445 turns).

Leeroy the Carver (Tengu Warper)                   Turns: 27445, Time: 00:49:03

HP:   -4/81 (84)    AC: 14    Str: 10    XL:     14   Next: 38%
MP:   27/28         EV:  2    Int: 17    God:    Uskayaw [*.....]
Gold: 1283          SH:  0    Dex: 19    Spells: 19/31 levels left

rFire   . . .      SeeInvis .    L - +1 scimitar (elec)
rCold   + + .      Faith    .    (no shield)
rNeg    . . .      Spirit   .    I - +7 Kryia's mail coat {PotionHeal*2 rC+}
rPois   .          Reflect  .    (helmet restricted)
rElec   .          Harm     .    b - +0 cloak
rCorr   .          Rampage  .    Y - +1 pair of gloves
Will    +....                    (boots unavailable) Stlth
                                 (no amulet)
HPRegen 0.33/turn                l - ring of wizardry
MPRegen 0.21/turn                G - ring of protection from cold

@: paralysed, corroded, flying quickly and evasively, lightly drained, quick
A: beak, talons 3, nimble flight, iridescent scales 1, clever 1, sense
surroundings 1, screaming 1
a: Renounce Religion, Stomp


You were on level 2 of the Orcish Mines.
You worshipped Uskayaw.
Uskayaw was noncommittal.
You visited 4 branches of the dungeon, and saw 21 of its levels.

You collected 1283 gold pieces.

Inventory:

Hand Weapons
 f - a +2 long sword of freezing
 g - a +0 great sword
 J - the +3 dagger "Wuxtil" {flame, Dex+3}
   (You took it off a vampire on level 11 of the Dungeon)

   Dex:       It affects your dexterity (+3).
 L - a +1 scimitar of electrocution (weapon)
 R - a +5 falchion
 T - the +6 whip "Guzi" {flame, rElec rC- rCorr Int+3}
   (You found it on level 11 of the Dungeon)

   Int:       It affects your intelligence (+3).
   rC:        It makes you vulnerable to cold.
   rElec:     It insulates you from electricity.
   rCorr:     It protects you from acid and corrosion.
 W - a +2 short sword of venom
Missiles
 d - 4 boomerangs of dispersal
 v - 6 datura-tipped darts
 y - 9 poisoned darts
 B - 7 boomerangs (quivered)
 E - 4 silver boomerangs
Armour
 b - a +0 cloak (worn)
 x - the +6 chain mail of Chill Winds {rC+}
   (You found it on level 4 of the Dungeon)

   rC:        It protects you from cold.
 z - the +4 leather armour "Ucuihu" {Regen+ Int+2 Stlth+}
   (You found it on level 1 of the Lair of Beasts)

   Int:       It affects your intelligence (+2).
   Regen:     It increases your rate of health regeneration.
   Stlth:     It makes you more stealthy.
 I - the +7 Kryia's mail coat (worn) {PotionHeal*2 rC+}
   (You found it on level 7 of the Dungeon)

   PotionHeal*2: Potions heal its wearer twice as much.
   rC:        It protects you from cold.
 U - the +2 robe of the Boiling Point {Harm rF++ Str+4 Int-3}
   (You found it on level 9 of the Dungeon)

   Str:       It affects your strength (+4).
   Int:       It affects your intelligence (-3).
   rF:        It greatly protects you from fire.
   Harm:      It increases damage dealt and taken.
 Y - a +1 pair of gloves (worn)
Jewellery
 a - a ring of fire
 l - a ring of wizardry (left hand)
 G - a ring of protection from cold (right hand)
 S - a ring of positive energy
Wands
 j - a wand of digging (9)
 F - a wand of paralysis (3)
 M - a wand of roots (1)
Scrolls
 c - a scroll of silence
 i - 4 scrolls of fear
 k - 5 scrolls of teleportation
 o - a scroll of enchant armour
 p - a scroll of torment
 q - a scroll of summoning
 t - 2 scrolls of brand weapon
 w - 3 scrolls of poison
 A - 4 scrolls of blinking
 C - a scroll of immolation
 D - 3 scrolls of fog
 Q - 4 scrolls of magic mapping
 X - a scroll of enchant weapon {unknown}
Potions
 e - 5 potions of curing
 h - 4 potions of resistance
 n - a potion of heal wounds {unknown}
 s - 4 potions of mutation
 u - a potion of berserk rage
 H - 3 potions of haste
 K - a potion of brilliance {unknown}
 N - a potion of invisibility
 O - a potion of ambrosia
 P - 2 potions of attraction {unknown}
 V - 3 potions of might {unknown}
 Z - 2 potions of cancellation {unknown}
Miscellaneous
 m - a phial of floods
 r - a condenser vane


   Skills:
 * Level 8.8 Fighting
 - Level 14.0 Long Blades
 - Level 0.6(1.1) Axes
 - Level 1.2(1.4) Polearms
 - Level 0.7(1.1) Staves
 - Level 0.4 Ranged Weapons
 - Level 1.0 Throwing
 - Level 12.2 Armour
 - Level 13.2 Dodging
 - Level 0.6 Shields
 - Level 9.0 Spellcasting
 - Level 1.0 Conjurations
 - Level 0.5 Hexes
 - Level 0.7 Summonings
 - Level 0.7 Necromancy
 - Level 2.4 Translocations
 - Level 0.4 Transmutations
 - Level 0.6 Fire Magic
 - Level 0.3 Ice Magic
 - Level 2.0 Air Magic
 - Level 0.4 Earth Magic
 - Level 0.6 Poison Magic
 * Level 3.4 Invocations


You had 19 spell levels left.
You knew the following spells:

 Your Spells              Type           Power      Damage    Failure   Level
a - Blink                 Tloc           30%        N/A       9%          2
b - Teleport Other        Tloc           15%        N/A       17%         3
c - Vhi's Electric Charg  Tloc/Air       30%        N/A       19%         3
d - Manifold Assault      Tloc           15%        N/A       47%         4

Your spell library contained the following spells:

 Spells                   Type           Power      Damage    Failure   Level
 Apportation              Tloc           30%        N/A       6%          1
 Momentum Strike          Conj/Tloc      26%        3d8       12%         2
 Lesser Beckoning         Tloc           30%        N/A       17%         3
 Scorch                   Fire           18%        2d6       19%         2
 Portal Projectile        Hex/Tloc       24%        N/A       26%         3
 Hailstorm                Conj/Ice       10%        3d5       32%         3
 Tukima's Dance           Hex            9%         N/A       34%         3
 Ozocubu's Armour         Ice            8%         N/A       38%         3
 Flame Wave               Conj/Fire      10%        2d6       69%         4
 Animate Armour           Summ/Erth      18%        N/A       73%         4
 Ice Form                 Ice/Tmut       8%         N/A       77%         4
 Arcjolt                  Conj/Air       6%         1d16      90%         5
 Alistair's Intoxication  Tmut/Pois      6%         N/A       96%         5
 Blade Hands              Tmut           4%         N/A       97%         5
 Metabolic Englaciation   Hex/Ice        4%         N/A       97%         5
 Iron Shot                Conj/Erth      5%         9d2       100%        6
 Simulacrum               Ice/Necr       4%         N/A       100%        6
 Summon Cactus Giant      Summ           5%         N/A       100%        6
 Ozocubu's Refrigeration  Ice            4%         4d8       100%        7
 Storm Form               Tmut/Air       5%         N/A       100%        7
 Maxwell's Capacitive Co  Air            7%         ∞         100%        8


Dungeon Overview and Level Annotations

Branches:
Dungeon (13/15)            Temple (1/1) D:6            Lair (5/5) D:10
  Swamp (0/4) Lair:2       Spider (0/4) Lair:3        Slime (0/5) Lair:4
    Orc (2/2) D:9
    Elf: Orc:2       Vaults: D:13-14

Altars:
Ashenzari
Cheibriados
Dithmenos
Elyvilon
Fedhas
Gozag
Hepliaklqana
Kikubaaqudgha
Makhleb
Nemelex Xobeh
Okawaru
Qazlal
Ru
Sif Muna
Trog
Uskayaw
Vehumet
Wu Jian
Xom
Yredelemnul
Zin
The Shining One
Jiyva

Shops:
D:7 (   D:8 (

Annotations:
D:5 1 runed translucent door, kae's ghost, novice DsTm
D:10 3 runed translucent doors, inmateoo's ghost, novice DsGl
Lair:2 1 runed translucent door, Athor's ghost, journeyman FoHu
Lair:3 exclusion: oklob plant
Lair:4 exclusion: ice statue


Innate Abilities, Weirdness & Mutations

You have a beak for a mouth.
You have claws for feet.
Your magical nature lets you fly swiftly and evasively.
You are partially covered in iridescent scales. (AC +2)
Your mind is acute. (Int +4, Str/Dex -1)
You passively map a small area around you.
You occasionally shout uncontrollably at your foes.


Message History

The orc sorcerer points at you and mumbles some strange words.
The bolt of fire hits the rust devil.
The rust devil completely resists.
The bolt of fire hits you!
The orc sorcerer hits you with a +0 dagger.
The orc sorcerer mumbles some strange words.
You feel disoriented.
The orc sorcerer hits you but does no damage.
The hellwing hits you! The hellwing hits you. x3
The rust devil barely misses you.
The orc sorcerer hits you with a +0 dagger. x2
You can move again.
Okay, then.
Casting: Vhi's Electric Charge (dangerous; 19% risk of failure)
Confirm with . or Enter, or press ? or * to list all spells.
You blink.
The hellwing swoops through the air toward you!
The hellwing completely misses you. The hellwing closely misses you.
You hit the hellwing but do no damage.
You claw the hellwing, but do no damage.
You punch the hellwing, but do no damage.
The hellwing hits you. The hellwing closely misses you.
The orc sorcerer casts a spell at you.
You suddenly lose the ability to move!
The hellwing hits you but does no damage. x2
You feel stable enough to blink again.
The hellwing hits you but does no damage.
The hellwing hits you. The orc sorcerer casts a spell at you.
The bolt of negative energy hits you!
You feel drained.
* * * LOW HITPOINT WARNING * * *
The hellwing hits you.
* * * LOW HITPOINT WARNING * * *
The hellwing hits you.
* * * LOW HITPOINT WARNING * * *
The hellwing hits you but does no damage. x2
The orc sorcerer casts a spell at you.
You shrug off the repeated paralysis!
The orc sorcerer gestures wildly while chanting.
The hellwing hits you!
You die...

.. #.#...## #.<..## ..##
###.....# ##.....### ....##
#.......#####........##
.....###.......#.##..o.......#
....<......#.........o.#.o....#
#...)).....#.........3.#o.......
#.....)..###.......o.#.###...$..
##....)..# ##.....4.#### ......
#.........##...@4...# ......
...........##...4#....... ..#..
...........#.....#.#...... ..###
....####.......<##.##..... ...#*
........*###*..... ... ......##*
* ..... * *#.... * ...# ##..#


You could see 2 hellwings, a rust devil (summoned), a smoke demon (summoned) and
3 orc sorcerers.

Vanquished Creatures
  Josephine (Lair:4)
  An ice dragon (Lair:4)
  A centaur warrior (D:10)
  3 two-headed ogres
  A boulder beetle (Lair:3)
  2 death yaks
  A bog body (Lair:1)
  Pikel (D:7)
  An orc knight (Orc:1)
  A lindwurm (Lair:3)
  A manticore (D:11)
  3 cyclopes
  2 black mambas
  15 elephants
  9 centaur zombies
  2 gargoyles (D:12)
  An unseen horror (D:10)
  A rime drake (Lair:4)
  6 cane toads
  3 komodo dragons
  5 trolls
  4 polar bears
  8 blink frogs
  A hornet (D:8)
  A meliai zombie (D:11)
  A jumping spider (Lair:3)
  6 shadows
  3 culicivoras (Lair:3)
  41 yaks
  4 vampires
  4 wyverns
  14 wraiths
  3 steam dragons
  5 redbacks (Lair:3)
  2 basilisks
  A warg (Orc:1)
  7 vampire mosquitoes
  8 water moccasins
  3 black bears
  6 ice beasts
  5 orc warriors
  3 wolves (D:10)
  3 ogres
  2 centaurs
  2 lemures
  3 phantoms
  2 kobold brigands (D:9)
  7 bullfrogs
  2 scorpions
  A gnoll sergeant (D:12)
  2 necrophages (D:6)
  15 wights
  47 killer bees
  A troll zombie (D:9)
  10 howler monkeys
  7 electric eels (D:10)
  A crimson imp (D:4)
  4 jellies
  9 hounds
  10 orc priests
  Crazy Yiuf (D:7)
  2 gnoll boudas
  3 iguanas
  Jessica (D:3)
  14 orc wizards
  A boggart zombie (D:11)
  7 ogre zombies (D:9)
  Robin (D:1)
  2 howler monkey zombies
  15 gnolls
  6 adders
  5 white imps
  7 worms (D:5)
  4 dart slugs
  47 orcs
  10 bats
  3 endoplasms
  2 giant cockroaches
  15 goblins
  11 hobgoblins
  9 jackals
  17 kobolds
  A quokka (D:3)
  9 ball pythons
  2 frilled lizards (D:1)
  A goblin skeleton (D:9)
  2 goblin zombies (D:9)
  2 hobgoblin skeletons (D:9)
  2 hobgoblin zombies (D:9)
  5 orc skeletons (D:9)
  13 orc zombies (D:9)
  8 rats
  A spectral goblin (D:1)
548 creatures vanquished.

Vanquished Creatures (others)
  An orc wizard (D:6)
  An orc (D:6)
  14 fungi
  30 plants
  4 withered plants (D:11)
50 creatures vanquished.

Grand Total: 598 creatures vanquished

Notes
Turn   | Place    | Note
-------+----------+-------------------------------------------
     0 | D:1      | Leeroy the Tengu Warper began the quest for the Orb.
     0 | D:1      | Reached XP level 1. HP: 12/12 MP: 4/4
   113 | D:1      | Reached skill level 3 in Long Blades
   113 | D:1      | Reached XP level 2. HP: 17/17 MP: 6/6
   227 | D:1      | Reached XP level 3. HP: 13/21 MP: 7/7
   386 | D:1      | Found a faded altar of an unknown god.
   426 | D:1      | Reached skill level 4 in Long Blades
   924 | D:2      | Found a shimmering altar of Xom.
  1313 | D:2      | Noticed Robin
  1527 | D:1      | Learned a level 2 spell: Blink
  1531 | D:1      | Learned a level 3 spell: Teleport Other
  1718 | D:1      | Killed Robin
  1719 | D:1      | Reached XP level 4. HP: 18/26 MP: 8/8
  2109 | D:3      | Reached skill level 5 in Long Blades
  2404 | D:3      | Noticed Jessica
  2408 | D:3      | Killed Jessica
  2409 | D:3      | Gained mutation: Your magical nature lets you fly swiftly
                  | and evasively. [Tengu growth]
  2409 | D:3      | Reached XP level 5. HP: 21/30 MP: 9/9
  3386 | D:4      | Identified the +6 chain mail of Chill Winds {rC+}
  3431 | D:4      | Reached skill level 6 in Long Blades
  3519 | D:4      | Reached XP level 6. HP: 6/35 MP: 7/10
  3681 | D:4      | Gained mutation: You occasionally shout uncontrollably at
                  | your foes. [potion of mutation]
  3681 | D:4      | Gained mutation: Your mind is acute. (Int +4, Str/Dex -1)
                  | [potion of mutation]
  3681 | D:4      | Gained mutation: You passively map a small area around you.
                  | [potion of mutation]
  3681 | D:4      | Gained mutation: You are partially covered in iridescent
                  | scales. (AC +2) [potion of mutation]
  3931 | D:5      | Entered Level 5 of the Dungeon
  4087 | D:5      | Reached skill level 7 in Long Blades
  4202 | D:5      | Found a runed translucent door.
  4203 | D:5      | Noticed kae's ghost (novice DsTm)
  4267 | D:5      | Noticed a black bear
  4309 | D:5      | Learned a level 3 spell: Vhi's Electric Charge
  4688 | D:6      | Reached XP level 7. HP: 29/40 MP: 11/11
  4946 | D:6      | Reached skill level 8 in Long Blades
  4948 | D:6      | Found a staircase to the Ecumenical Temple.
  4979 | Temple   | Entered the Ecumenical Temple
  5043 | Temple   | Became a worshipper of Uskayaw the Reveller
  5103 | D:6      | Found a hazy altar of Hepliaklqana.
  5190 | D:6      | Found a snail-covered altar of Cheibriados.
  5308 | D:6      | Reached * piety under Uskayaw
  5612 | D:5      | Reached ** piety under Uskayaw
  5952 | D:7      | Found Hielionu's Weapon Boutique.
  6238 | D:5      | Found a bloodstained altar of Trog.
  6253 | D:5      | Reached skill level 9 in Long Blades
  6253 | D:5      | Reached XP level 8. HP: 36/44 MP: 12/12
  6467 | D:7      | Found a shimmering altar of Xom.
  6526 | D:7      | Found a glowing golden altar of the Shining One.
  7399 | D:7      | Reached *** piety under Uskayaw
  7401 | D:7      | Reached skill level 5 in Dodging
  7404 | D:7      | Reached **** piety under Uskayaw
  7533 | D:7      | Found the +7 Kryia's mail coat {PotionHeal*2 rC+}
  7984 | D:7      | Found a runed translucent door.
  7985 | D:7      | Noticed Crazy Yiuf
  8395 | D:7      | Reached skill level 1 in Air Magic
  8592 | D:7      | Noticed Pikel
  8604 | D:7      | Reached XP level 9. HP: 48/53 MP: 11/13
  8605 | D:7      | Reached skill level 5 in Fighting
  8610 | D:7      | Killed Pikel
  8610 | D:7      | Reached ***** piety under Uskayaw
  9153 | D:4      | Found an iron altar of Okawaru.
  9398 | D:4      | Found a broken altar of Ashenzari.
  9649 | D:4      | Found a radiant altar of Vehumet.
  9650 | D:4      | Found a burning altar of Makhleb.
 10632 | D:8      | Noticed a hornet
 10632 | D:8      | Found Viquycio's Weapon Emporium.
 10682 | D:8      | Noticed a two-headed ogre
 10839 | D:8      | Killed a hornet
 11315 | D:8      | Reached skill level 5 in Armour
 11390 | D:8      | Reached XP level 10. HP: 43/61 MP: 14/14
 12110 | D:6      | Killed a two-headed ogre
 12955 | D:9      | Found a staircase to the Orcish Mines.
 12981 | D:9      | Noticed a two-headed ogre
 13524 | D:8      | Killed a two-headed ogre
 13525 | D:8      | Reached skill level 10 in Armour
 13876 | D:9      | Identified the +2 robe of the Boiling Point {Harm rF++
                  | Str+4 Int-3}
 14343 | D:10     | Entered Level 10 of the Dungeon
 14368 | Orc:1    | Entered Level 1 of the Orcish Mines
 14381 | Orc:1    | Reached XP level 11. HP: 59/66 MP: 15/15
 14389 | Orc:1    | Noticed an orc knight
 14826 | D:10     | Found a runed translucent gate.
 14826 | D:10     | Found a runed translucent gate.
 14826 | D:10     | Found a runed translucent gate.
 14826 | D:10     | Noticed inmateoo's ghost (novice DsGl)
 14882 | D:10     | Learned a level 4 spell: Manifold Assault
 14919 | D:10     | Found a basalt altar of Yredelemnul.
 15402 | D:11     | Reached skill level 10 in Long Blades
 15695 | D:10     | Noticed a death yak
 15785 | D:10     | Killed a death yak
 15929 | D:10     | Reached skill level 11 in Long Blades
 16213 | D:10     | Found a staircase to the Lair.
 17521 | D:11     | Reached skill level 12 in Long Blades
 17526 | D:11     | Identified the +6 whip "Guzi" {flame, rElec rC- rCorr
                  | Int+3}
 17619 | D:11     | Reached XP level 12. HP: 70/71 MP: 16/16
 17714 | D:11     | Reached skill level 13 in Long Blades
 18141 | D:11     | Reached skill level 14 in Long Blades
 18305 | D:11     | Identified the +1 ring mail "Poqum" {Fly rPois Will++
                  | Int-5}
 18466 | D:11     | Identified the +3 dagger "Wuxtil" {flame, Dex+3}
 18669 | D:11     | Reached skill level 10 in Dodging
 19075 | D:12     | Noticed a two-headed ogre
 19081 | D:12     | Killed a two-headed ogre
 19306 | D:12     | Found a basalt altar of Yredelemnul.
 19306 | D:12     | Noticed a boulder beetle
 19797 | D:12     | Found an opulent altar of Gozag.
 20541 | D:7      | Killed Crazy Yiuf
 20745 | Lair:1   | Entered Level 1 of the Lair of Beasts
 20903 | D:10     | Noticed a centaur warrior
 20967 | D:10     | Killed a centaur warrior
 21198 | Lair:1   | Reached XP level 13. HP: 65/76 MP: 17/17
 21618 | Lair:1   | Reached skill level 1 in Polearms
 22008 | Lair:1   | Identified the +4 leather armour "Ucuihu" {Regen+ Int+2
                  | Stlth+}
 22359 | Lair:2   | Found a staircase to the Swamp.
 22464 | Lair:1   | Reached skill level 1 in Conjurations
 22575 | Lair:2   | Found a runed translucent door.
 22576 | Lair:2   | Noticed Athor's ghost (journeyman FoHu)
 23404 | Lair:3   | Reached skill level 5 in Spellcasting
 24320 | Lair:3   | Found a hole to the Spider Nest.
 24348 | Lair:3   | Reached ****** piety under Uskayaw
 24789 | Lair:4   | Found a staircase to the Slime Pits.
 25142 | Lair:4   | Reached XP level 14. HP: 67/80 MP: 27/27
 25157 | Lair:4   | Noticed Josephine
 25178 | Lair:4   | Killed Josephine
 25197 | Lair:4   | Reached skill level 1 in Invocations
 25747 | Lair:4   | Found a viscous altar of Jiyva.
 26387 | Lair:5   | Entered Level 5 of the Lair of Beasts
 27341 | Orc:2    | Entered Level 2 of the Orcish Mines
 27432 | Orc:2    | Paralysed by an orc sorcerer for 5 turns
 27442 | Orc:2    | Paralysed by an orc sorcerer for 5 turns
 27444 | Orc:2    | HP: 2/81 [hellwing[an orc sorcerer] (6)]
 27445 | Orc:2    | Slain by a hellwing

Illustrated notes

Levels and vault maps discovered:
D:1:      sevenhm_arrival_forest_fort_large_4, layout_loops_ring,
          dreamdust_ecumenical_altar_drowned_temple
D:2:      layout_basic, basic_altar, minmay_randomly_rotated_circles, uniq_robin
D:3:      layout_loops_corners, kennysheep_nub, uniq_jessica
D:4:      layout_loops_ring, grunt_temple_overflow_lords_of_destruction,
          okawaru_ov_weapons_minmay, evilmike_ruin_ashenzari, fountainhead
D:5:      layout_rooms, lemuel_round_altar, ebering_ghost_inner_flame,
          nicolae_wormholes
D:6:      layout_loops_ring, mainiacjoe_overflow_tiny_flanked,
          lemuel_coloured_pillars_altar, minmay_temple_entry_statues_pillars
D:7:      layout_loops_ring, kennysheep_little_box,
          mainiacjoe_overflow_cross_hatched, serial_shops, shop, uniq_pikel,
          uniq_crazy_yiuf_cottage
D:8:      layout_loops_ring, serial_shops, nicolae_shop_hallway_stairs
D:9:      layout_loops_ring, zombieorc2_lemuel
D:10:     layout_irregular_city, nicolae_yredelemnul_ghost_church,
          erik_lair_island, serial_ice, serial_ice_l, serial_ice_n,
          serial_ice_d, serial_ice_a
D:11:     layout_irregular_city, serial_undead, serial_undead_c,
          serial_undead_e, serial_undead_b, serial_undead_e, serial_undead_c,
          serial_undead_a, serial_undead_c, serial_undead_a
D:12:     layout_roguey, hangedman_feature_mirror, serial_bayou_crossing
D:13:     lemuel_vampire_tower, layout_basic, david_vaults_3,
          trog_ov_bears_minmay
Temple:   nicolae_temple_ecumenical_triangle
Lair:1:   wad_woods_minihive, layout_cave_shapes,
          chequers_serial_rivers_small_b, dreamdust_mushroom_princess,
          serial_bayou_shore_a
Lair:2:   layout_chaotic_city, skrybe_swamp_entry_bodies, gammafunk_ghost_grave
Lair:3:   layout_chaotic_city, nicolae_spider_entry_tight_spaces
Lair:4:   layout_misc_corridors, nicolae_slime_entry_field_trip, ice2_lemuel,
          grunt_megastairs_3, infiniplex_staircase_pool_2, uniq_josephine
Lair:5:   due_jungle_book, layout_misc_corridors, gauntlet_entry_generic,
          eino_house_with_fridge, lemuel_fruit_fields
Orc:1:    layout_caves
Orc:2:    kennysheep_orc_mage_school, layout_diamond_mine

Skill      XL: |  1  2  3  4  5  6  7  8  9 10 11 12 13 14 |
---------------+-------------------------------------------+-----
Long Blades    | 3 4 5 6 7 9 12 14 | 14.0
Dodging        | 3 4 6 8 12 13 | 13.2
Fighting       | 4 6 8 |  8.8
Air Magic      | 1 2 |  2.0
Armour         | 5 11 12 | 12.2
Polearms       | 1 |  1.2
Conjurations   | 1 |  1.0
Spellcasting   | 8 9 |  9.0
Invocations    | 3 |  3.4
Axes           | |  0.6
Staves         | |  0.7
Ranged Weapons | |  0.4
Throwing       | |  1.0
Shields        | |  0.6
Hexes          | |  0.5
Summonings     | |  0.7
Necromancy     | |  0.7
Translocations | |  2.4
Transmutations | |  0.4
Fire Magic     | |  0.6
Ice Magic      | |  0.3
Earth Magic    | |  0.4
Poison Magic   | |  0.6

Action                   |  1- 3 |  4- 6 |  7- 9 | 10-12 | 13-15 || total
-------------------------+-------+-------+-------+-------+-------++-------
Melee: Falchion          |    32 |       |       |       |       ||    32
       Kick              |    18 |    37 |    56 |   244 |   215 ||   570
       Peck              |     7 |    13 |    29 |   170 |   120 ||   339
       Punch             |     1 |       |       |    11 |     8 ||    20
       Great sword       |    60 |   159 |   131 |       |       ||   350
       Unarmed           |     4 |       |       |       |       ||     4
       Scimitar          |       |       |    97 |   698 |   574 ||  1369
       Long sword        |       |       |       |    30 |       ||    30
       Whip              |       |       |       |     3 |       ||     3
Throw: Dart              |     2 |       |    17 |    55 |       ||    74
       Boomerang         |       |       |       |    20 |     3 ||    23
       Javelin           |       |       |       |     3 |       ||     3
 Cast: Blink             |       |     2 |     1 |     3 |     2 ||     8
       Vhi's Electric Ch |       |       |     2 |       |       ||     2
Evoke: Wand              |       |       |     2 |    16 |     5 ||    23
       Phial of floods   |       |       |       |       |     1 ||     1
  Use: Scroll            |       |     1 |    11 |     4 |     7 ||    23
       Potion            |       |     1 |     1 |     1 |       ||     3
 Stab: Paralysed         |       |       |     6 |    34 |    42 ||    82
Armor: Leather armour    |    43 |    22 |    34 |       |       ||    99
       Skin              |     5 |       |       |     1 |       ||     6
       Scale mail        |       |       |    29 |   407 |   230 ||   666
Dodge: Dodged            |   118 |    82 |   190 |   565 |   380 ||  1335

Table legend: (Time is in decaauts)
 A = Elapsed time spent in this place.
 B = Non-inter-level travel time spent in this place.
 C = Inter-level travel time spent in this place.
 D = Time resting spent in this place.
 E = Time spent auto-exploring this place.
 F = Levels seen in this place.
 G = Mean time per level.
                   A        B        C        D        E       F      G
               +--------+--------+--------+--------+--------+-----+--------+
         Total |  26091 |  24024 |   2067 |   4988 |  14126 |  21 | 1242.4 |
       Dungeon |  20172 |  18392 |   1780 |   4241 |  10219 |  13 | 1551.7 |
        Temple |     72 |     72 |      0 |      0 |     38 |   1 |   72.0 |
          Lair |   5367 |   5091 |    276 |    742 |   3498 |   5 | 1073.4 |
  Orcish Mines |    478 |    468 |     10 |      4 |    370 |   2 |  239.0 |
               +--------+--------+--------+--------+--------+-----+--------+

Top non-repeatable levels by time:
    D:10: 3008 daAuts
     D:6: 2438 daAuts
     D:7: 2151 daAuts
     D:8: 2046 daAuts
  Lair:4: 1798 daAuts
     D:1: 1663 daAuts
    D:11: 1486 daAuts
     D:5: 1451 daAuts
    D:12: 1447 daAuts
  Lair:3: 1424 daAuts
  Lair:1: 1369 daAuts
     D:3: 1228 daAuts
     D:4: 1190 daAuts
     D:9: 1079 daAuts
     D:2: 971 daAuts
